AoeStats
← LookBehindYou!

Arabian Desert

509979947Analyzed
1v1 RM · 5d ago on Sep 28, 2026· 47m 46s· 2 players
Game mode
Random Map
Map size
Tiny (2 player)
Population
200
Speed
Normal
Resources
Standard
Victory
Conquest
Starting age
Dark Age
Ending age
Imperial Age
RankedLock teamsTeams togetherTeam positionsShared explorationLock speedFull tech treeHidden civsTurbo modeCheats
Victory
Defeat
🇺🇸 Vietnamese · United States
886
+18
🇺🇸 Vietnamese · United States
930
-18
Xargav
8:12 Loom
10:33 Feudal Age
11:13 Double-Bit Axe
12:53 Horse Collar
13:28 Fletching
14:41 Wheelbarrow
15:31 Padded Archer Armor
18:47 Town Watch
23:19 Castle Age
25:06 Hand Cart
25:07 Heavy Plow
24:52 Crossbowman
24:53 Elite Skirmisher
25:39 Thumb Ring
27:40 Bodkin Arrow
30:41 Ballistics
37:06 Imperial Age
37:44 Arbalester
37:47 Imperial Skirmisher
40:47 Town Patrol
43:25 Bracer
43:41 Leather Archer Armor
47:10 Siege Engineers
48:06 Chemistry
LookBehindYou!
5:54 Loom
11:02 Feudal Age
11:43 Double-Bit Axe
11:53 Horse Collar
15:11 Fletching
17:09 Padded Archer Armor
19:20 Gold Mining
23:50 Castle Age
24:50 Thumb Ring
24:11 Crossbowman
24:50 Bodkin Arrow
26:56 Leather Archer Armor
29:28 Ballistics
29:22 Bow Saw
41:12 Imperial Age
40:51 Town Watch
41:20 Elite Skirmisher
47:46 Bracer
Connection lost

Rejoining the realm…

Still unreachable

The connection could not be restored.

Session expired

The server has moved on; the page needs a fresh start.